Map: [TLMC15] Hardwire

Players

Rogue

  • Race: Zerg Zerg

Zest - Winner!

  • Race: Protoss Protoss

Event: DreamHack SC2 Masters Last Chance 2022

VOD

Have the link to the VOD?

Description

Time

  • Played on: Jan. 11, 2022, 11:21 a.m.
  • Length: 11:26

All games in this series

Show
View Real Time Build Order
Export as new Build Order

Rogue Zerg 

Build Orders: Hatch First 

Get SALT Encoding   

  12  0:00  Drone  
  13  0:12  Overlord  
  13  0:17  Drone  
  14  0:30  Drone x2  
  17  0:50  Drone  
  17  0:52  Hatchery  
  17  0:54  Drone  
  17  0:58  Drone  
  18  1:08  Extractor  
  17  1:13  Spawning Pool  
  17  1:16  Drone  
  17  1:20  Drone  
  18  1:28  Drone  
  19  1:38  Drone  
  20  1:50  Drone  
  21  2:01  Zergling x2  
  21  2:03  Queen  
  21  2:04  Queen  
  21  2:05  Zergling x2  
  27  2:11  Overlord  
  27  2:14  Metabolic Boost  
  27  2:16  Drone  
  28  2:33  Drone x3  
  28  2:37  Drone  
  32  2:43  Hatchery  
  31  2:44  Drone  
  31  2:49  Queen  
  34  2:55  Overlord  
  34  2:57  Drone  
  35  3:00  Drone  
  36  3:14  Drone x2  
  36  3:15  Drone x2, Queen  
  36  3:16  Drone  
  36  3:18  Zergling x2  
  44  3:23  Overlord  
  44  3:28  Spore Crawler  
  44  3:29  Drone  
  44  3:34  Overlord  
  44  3:40  Overlord  
  44  3:46  Drone, Spore Crawler  
  44  3:54  Drone x5  
  49  3:56  Drone  
  49  3:58  Drone  
  49  3:59  Queen  
  53  4:03  Drone  
  53  4:05  Drone x2  
  53  4:06  Drone x2  
  53  4:09  Queen  
  58  4:15  Overlord  
  60  4:17  Drone  
  60  4:18  Drone  
  60  4:22  Overlord  
  62  4:28  Overlord  
  60  4:34  Drone, Spore Crawler  
  60  4:35  Drone x5  
  60  4:38  Drone  
  66  4:39  Lair  
  66  4:42  Drone x3  
  69  4:48  Queen  
  69  4:50  Zergling x6  
  73  4:54  Extractor  
  73  4:55  Queen, Extractor  
  73  4:59  Extractor  
  72  5:00  Roach Warren  
  72  5:02  Drone x3  
  72  5:06  Drone x4  
  78  5:08  Drone  
  78  5:10  Drone x2  
  78  5:12  Overlord  
  81  5:20  Overlord  
  81  5:23  Extractor  
  81  5:24  Extractor  
  81  5:26  Queen  
  81  5:28  Overlord  
  81  5:35  Drone x5  
  86  5:38  Hatchery  
  86  5:40  Drone x4  
  86  5:41  Overseer  
  89  5:50  Queen x2  
  89  5:54  Glial Reconstitution  
  89  5:56  Drone  
  94  6:00  Drone  
  94  6:01  Zergling x10, Evolution Chamber  
  94  6:02  Zergling x2  
  94  6:03  Zergling x2  
  101  6:07  Overlord  
  100  6:12  Spire  
  100  6:17  Drone  
  100  6:18  Drone x5  
  104  6:23  Drone x3  
  104  6:32  Zerg Missile Weapons Level 1  
  104  6:34  Drone x4  
  104  6:36  Queen x2  
  112  6:41  Overlord x2  
  112  6:43  Extractor  
  112  6:44  Overlord  
  110  6:47  Overlord  
  110  6:49  Queen  
  110  6:51  Drone  
  110  6:54  Overlord  
  113  7:04  Drone  
  113  7:12  Overlord x2  
  113  7:23  Queen x3  
  113  7:24  Mutalisk x7  
  113  7:25  Queen  
  135  7:30  Mutalisk  
  135  7:31  Mutalisk x2  
  135  7:35  Overlord  
  140  7:45  Roach x9  
  140  7:50  Zerg Flyer Weapons Level 1, Overlord  
  158  8:00  Queen x3, Overlord  
  163  8:06  Overlord  
  163  8:09  Queen  
  165  8:14  Roach x6  
  165  8:15  Roach  
  165  8:16  Overlord  
  179  8:21  Overlord  
  179  8:26  Roach  
  175  8:28  Ravager x9  
  175  8:29  Roach  
  175  8:30  Roach x3  
  175  8:32  Roach  
  187  8:35  Roach  
  187  8:36  Roach  
  187  8:39  Roach  
  187  8:41  Roach  
  191  8:45  Ravager  
  191  8:46  Ravager x4, Extractor  
  193  8:48  Queen x2  
  193  8:49  Queen  
  199  9:00  Ravager  
  198  9:19  Roach  
  196  9:25  Roach x3  
  196  9:26  Roach x2  
  196  9:29  Roach  
  194  9:34  Ravager x2  
  194  9:35  Ravager x2  
  198  9:41  Roach x3  
  197  9:48  Roach x7  
  197  9:49  Roach  
  195  9:55  Roach x2  
  195  9:57  Roach  
  195  9:59  Roach x2  
  161  10:16  Roach x12  
  161  10:18  Roach  
  161  10:19  Roach x2  
  161  10:21  Queen x2  
  181  10:26  Queen x2  
  183  10:32  Roach x4  
  169  10:39  Ravager x2  
  169  10:40  Ravager x7, Roach  
  165  10:45  Roach x3  
  171  10:52  Roach x4  
  150  11:06  Roach x3  
Show
View Real Time Build Order
Export as new Build Order

Zest Protoss - Winner!

Build Orders: 1 Gate Expand, Oracle Opening 

Get SALT Encoding   

  12  0:00  Probe  
  13  0:12  Probe  
  14  0:18  Pylon  
  14  0:24  Probe  
  15  0:36  Probe (Chrono Boost)  
  15  0:38  Gateway  
  16  0:46  Probe (Chrono Boost)  
  16  0:49  Assimilator  
  17  0:51  Probe (Chrono Boost)  
  18  1:03  Probe  
  19  1:15  Probe  
  20  1:25  Nexus  
  20  1:36  Cybernetics Core  
  20  1:39  Probe  
  21  1:44  Assimilator  
  21  1:51  Probe  
  22  1:54  Pylon  
  22  2:03  Probe (Chrono Boost)  
  23  2:12  Adept  
  23  2:14  Probe (Chrono Boost)  
  26  2:17  Stargate  
  26  2:19  Probe (Chrono Boost)  
  27  2:25  Warp Gate  
  27  2:32  Probe (Chrono Boost)  
  28  2:37  Probe (Chrono Boost)  
  28  2:42  Adept  
  32  2:47  Probe x2 (Chrono Boost)  
  33  2:52  Void Ray (Chrono Boost), Probe (Chrono Boost)  
  33  2:54  Probe  
  35  3:04  Probe  
  40  3:06  Probe  
  40  3:07  Pylon  
  41  3:15  Gateway  
  41  3:17  Probe  
  41  3:18  Probe  
  43  3:25  Oracle (Chrono Boost)  
  43  3:29  Probe  
  43  3:31  Probe  
  48  3:41  Probe  
  49  3:43  Probe  
  50  3:49  Nexus  
  50  3:51  Pylon  
  50  3:54  Probe  
  51  3:55  Probe  
  51  4:00  Assimilator  
  52  4:06  Assimilator, Probe  
  52  4:07  Pylon  
  53  4:14  Stargate  
  53  4:15  Probe  
  54  4:19  Probe  
  55  4:24  Protoss Air Weapons Level 1  
  55  4:28  Void Ray, Probe (Chrono Boost), Pylon  
  55  4:31  Probe (Chrono Boost)  
  57  4:36  Forge  
  62  4:39  Probe (Chrono Boost)  
  62  4:40  Probe (Chrono Boost)  
  62  4:44  Probe (Chrono Boost)  
  64  4:47  Probe (Chrono Boost)  
  64  4:52  Shield Battery  
  65  4:58  Robotics Facility, Probe (Chrono Boost)  
  67  5:00  Probe (Chrono Boost)  
  67  5:03  Probe (Chrono Boost)  
  69  5:09  Probe (Chrono Boost)  
  69  5:11  Probe x2 (Chrono Boost), Pylon  
  69  5:13  Assimilator  
  71  5:15  Probe (Chrono Boost)  
  71  5:16  Assimilator, Probe (Chrono Boost)  
  71  5:18  Void Ray x2, Probe  
  74  5:28  Probe (Chrono Boost)  
  84  5:29  Pylon  
  84  5:30  Probe (Chrono Boost)  
  85  5:36  Probe (Chrono Boost)  
  85  5:39  Probe (Chrono Boost)  
  85  5:41  Probe (Chrono Boost)  
  88  5:43  Probe x2 (Chrono Boost)  
  88  5:47  Stargate  
  88  5:48  Observer (Chrono Boost), Fleet Beacon  
  90  5:52  Pylon  
  90  5:53  Photon Cannon, Probe  
  90  5:54  Probe  
  90  5:55  Probe  
  93  6:10  Robotics Bay, Nexus  
  93  6:11  Pylon  
  93  6:29  Carrier (Chrono Boost), Pylon  
  93  6:31  Carrier (Chrono Boost)  
  99  6:37  Photon Cannon  
  99  6:38  Gateway  
  99  6:39  Gateway  
  105  6:41  Observer  
  111  6:48  Observer  
  111  6:49  Carrier (Chrono Boost)  
  111  6:53  Observer  
  111  6:54  Shield Battery  
  111  6:55  Pylon  
  111  7:00  Disruptor (Chrono Boost)  
  107  7:07  Photon Cannon  
  110  7:14  Gateway  
  110  7:17  Twilight Council  
  110  7:21  Gateway x2  
  110  7:25  Disruptor (Chrono Boost)  
  110  7:28  Void Ray x2 (Chrono Boost)  
  113  7:33  Flux Vanes  
  121  7:38  Probe x4  
  121  7:42  Void Ray (Chrono Boost)  
  125  7:45  Photon Cannon  
  125  7:50  Probe x2  
  131  7:53  Shield Battery  
  131  7:55  Shield Battery  
  131  7:59  Pylon  
  131  8:01  Gateway x2  
  131  8:02  Void Ray (Chrono Boost)  
  131  8:05  Gateway  
  131  8:07  Templar Archives  
  131  8:08  Pylon  
  131  8:09  Charge  
  131  8:12  Protoss Ground Weapons Level 1 (Chrono Boost)  
  135  8:25  Zealot x5  
  141  8:32  Photon Cannon  
  138  8:41  Disruptor (Chrono Boost)  
  137  8:51  High Templar  
  137  8:52  Zealot x3, High Templar  
  147  8:56  Probe x4  
  147  8:57  Archon  
  147  8:59  Zealot x3  
  147  9:00  Zealot x2  
  161  9:08  Probe  
  154  9:26  Zealot, Disruptor (Chrono Boost)  
  154  9:27  Zealot x8  
  166  9:38  Stalker  
  159  9:55  Stalker x2  
  159  9:58  Zealot, High Templar x4  
  163  10:01  Archon, Pylon  
  163  10:02  Archon, Pylon  
  163  10:04  Zealot, Pylon  
  163  10:05  Pylon  
  153  10:20  Zealot x4  
  150  10:26  Zealot x2  
  143  10:32  Zealot x3  
  131  10:37  Zealot  
  133  10:43  High Templar  
  133  10:44  Zealot, High Templar  
  133  10:48  Archon  
  123  11:11  Zealot x7  

Tags
 
Add a new tag
Caveats
  • Supply blocks, unpowered buildings, or Contaminate may cause inaccurate times.
  • Supply counts are checked every 10 seconds.